AoeStats
← toomuchdog

Arabia

505752110Analyzed
1v1 RM · 23d ago on Sep 10, 2026· 31m 42s· 2 players
Game mode
Random Map
Map size
Tiny (2 player)
Population
200
Speed
Normal
Resources
Standard
Victory
Conquest
Starting age
Dark Age
Ending age
Imperial Age
RankedLock teamsTeams togetherTeam positionsShared explorationLock speedFull tech treeHidden civsTurbo modeCheats
Victory
Defeat
🇷🇺 Huns · Russia
1322
+17
🇨🇦 Goths · Canada
1354
-17
tdmlart
7:17 Loom
10:11 Feudal Age
14:45 Castle Age
13:42 Horse Collar
19:49 Bloodlines
30:15 Forging
30:11 Scale Barding Armor
toomuchdog
9:23 Feudal Age
7:57 Loom
10:29 Double-Bit Axe
11:22 Horse Collar
14:07 Fletching
22:46 Castle Age
23:10 Crossbowman
23:15 Pikeman
Connection lost

Rejoining the realm…

Still unreachable

The connection could not be restored.

Session expired

The server has moved on; the page needs a fresh start.